AoeStats
← santiago94

African Clearing

506728862Analyzed
4v4 RM · 16d ago on Sep 14, 2026· 43m 38s· 8 players
Game mode
Random Map
Map size
Large (8 player)
Population
200
Speed
Normal
Resources
Standard
Victory
Conquest
Starting age
Dark Age
Ending age
Imperial Age
RankedLock teamsTeams togetherTeam positionsShared explorationLock speedFull tech treeHidden civsTurbo modeCheats
Victory
Defeat
🇦🇷 Persians · Argentina
1173
+8
🇦🇷 Huns · Argentina
1169
+8
🇦🇷 Italians · Argentina
758
+24
🇲🇽 Byzantines · Mexico
725
+25
🇩🇪 Bohemians · Germany
1025
-19
🇨🇴 Franks · Colombia
970
-17
🇸🇪 Spanish · Sweden
947
-16
🇩🇪 Turks · Germany
892
-13
FC_Satuplese
4:58 Loom
16:29 Feudal Age
18:43 Double-Bit Axe
23:49 Castle Age
26:28 Husbandry
25:49 Light Cavalry
27:18 Wheelbarrow
26:29 Town Watch
26:38 Gold Mining
27:38 Forging
26:59 Pikeman
27:24 Gambesons
27:40 Squires
32:17 Hand Cart
32:46 Iron Casting
33:53 Town Patrol
38:15 Stone Mining
39:03 Gold Shaft Mining
40:03 Scale Barding Armor
39:59 Scale Mail Armor
gädda
6:42 Loom
15:41 Feudal Age
16:48 Double-Bit Axe
23:03 Castle Age
32:59 Horse Collar
33:34 Bow Saw
35:56 Ballistics
38:12 Imperial Age
35:58 Heavy Plow
36:55 Scale Barding Armor
38:05 Husbandry
38:18 Bloodlines
37:31 Light Cavalry
38:35 Cavalier
40:08 Conscription
41:32 Chain Barding Armor
41:23 Forging
Ping_Pong
15:57 Feudal Age
17:21 Wheelbarrow
16:33 Double-Bit Axe
16:32 Horse Collar
22:54 Castle Age
23:51 Hand Cart
24:34 Heavy Plow
28:08 Stone Mining
28:08 Gold Mining
33:05 Imperial Age
32:57 Bow Saw
35:10 Gold Shaft Mining
36:30 Elite Janissary
41:15 Conscription
41:20 Caravan
43:30 Artillery
43:54 Sipahi
44:09 Parthian Tactics
43:18 Heavy Cavalry Archer
comebackfred
11:31 Loom
13:56 Feudal Age
12:14 Loom
14:29 Double-Bit Axe
15:40 Wheelbarrow
14:55 Horse Collar
22:22 Castle Age
22:55 Forging
22:48 Scale Mail Armor
23:23 Hand Cart
24:38 Pikeman
25:20 Squires
26:05 Arson
30:11 Town Watch
34:04 Imperial Age
34:50 Halberdier
35:59 Padded Archer Armor
35:50 Fletching
36:39 Iron Casting
38:34 Bow Saw
39:00 Wagenburg Tactics
39:06 Hussite Reforms
39:31 Ballistics
40:08 Town Patrol
41:19 Chemistry
40:10 Treadmill Crane
40:40 Masonry
41:03 Caravan
42:31 Two-Man Saw
41:36 Heavy Plow
41:32 Guard Tower
43:11 Blast Furnace
42:17 Houfnice
LuluX
13:16 Loom
15:01 Feudal Age
16:22 Double-Bit Axe
19:11 Castle Age
17:47 Fletching
17:57 Padded Archer Armor
20:58 Gold Mining
21:37 Bodkin Arrow
22:37 Wheelbarrow
22:44 Horse Collar
27:03 Heavy Plow
31:01 Hand Cart
36:30 Imperial Age
35:43 Gold Shaft Mining
34:59 Stone Mining
36:44 Ballistics
37:39 Parthian Tactics
36:41 Heavy Cavalry Archer
38:33 Chemistry
37:43 Masonry
38:04 Bow Saw
38:53 Husbandry
39:08 Bloodlines
40:05 Bracer
39:51 Capped Ram
41:57 Conscription
42:59 Town Watch
MABA
5:48 Loom
15:02 Feudal Age
19:27 Castle Age
17:48 Gold Mining
18:44 Horse Collar
21:44 Forging
25:45 Double-Bit Axe
28:12 Bloodlines
28:53 Town Watch
31:49 Husbandry
32:51 Wheelbarrow
33:02 Bow Saw
33:13 Town Patrol
34:52 Scale Barding Armor
35:22 Iron Casting
37:22 Imperial Age
35:45 Hand Cart
36:21 Heavy Plow
36:44 Chain Barding Armor
37:02 Cavalier
38:28 Plate Barding Armor
38:54 Gold Shaft Mining
42:14 Blast Furnace
42:31 Crop Rotation
41:53 Savar
43:08 Conscription
santiago94
7:33 Loom
16:00 Feudal Age
16:32 Double-Bit Axe
17:30 Wheelbarrow
17:32 Horse Collar
20:24 Town Watch
20:41 Gold Mining
22:23 Fletching
25:42 Castle Age
23:41 Fletching
23:54 Padded Archer Armor
23:45 Fletching
25:49 Crossbowman
27:27 Bow Saw
27:35 Bodkin Arrow
27:56 Leather Archer Armor
29:17 Hand Cart
30:17 Thumb Ring
30:27 Heavy Plow
30:34 Town Patrol
32:39 Ballistics
37:52 Imperial Age
39:12 Treadmill Crane
39:28 Murder Holes
39:45 Masonry
39:43 Stone Mining
41:31 Bracer
42:02 Ring Archer Armor
42:35 Chemistry
41:39 Arbalester
43:49 Conscription
NicoPereiira
15:03 Feudal Age
13:30 Loom
15:46 Double-Bit Axe
16:33 Horse Collar
18:51 Scale Barding Armor
25:30 Wheelbarrow
27:35 Castle Age
26:49 Gold Mining
29:43 Husbandry
29:56 Thumb Ring
29:12 Elite Skirmisher
30:16 Chain Barding Armor
30:23 Bow Saw
31:55 Hand Cart
31:36 Elite Skirmisher
32:45 Padded Archer Armor
36:31 Gold Shaft Mining
35:47 Stone Mining
37:25 Leather Archer Armor
38:12 Ballistics
40:29 Stone Shaft Mining
42:30 Imperial Age
41:02 Heavy Plow
42:13 Devotion
44:15 Chemistry
Connection lost

Rejoining the realm…

Still unreachable

The connection could not be restored.

Session expired

The server has moved on; the page needs a fresh start.